TOP OF THE 1ST |
Villanova Wildcats batting - Pitching for North Carolina State Wolfpack : RHP Jim Puckett
|
Pitching: RHP Jim Puckett
|
|
Batting: SHB Jimmy Bullock
|
0-0: Ball 1-0: Ball 2-0: Ball 3-0: Called Strike 3-1: Base on Balls
|
Batting: RHB Bud López
|
0-0: Ball Jimmy Bullock steals 2nd base 1-0: Ball 2-0: Foul Ball, location: 2F 2-1: Swinging Strike 2-2: Ball 3-2: Strikes out looking
|
Batting: RHB Michael Boulanger
|
0-0: Called Strike 0-1: Ball 1-1: Ball 2-1: Ball 3-1: Base on Balls
|
Batting: LHB Anthony Samples
|
0-0: Ball 1-0: Ball 2-0: Ball Jimmy Bullock steals 3rd base 3-0: Base on Balls Michael Boulanger to second
|
Batting: SHB Vincent McComisky
|
0-0: Ball 1-0: Ball 2-0: GRAND SLAM HOME RUN (Flyball, 9LD), Distance : 328 ft
|
Batting: RHB Clay Cowden
|
0-0: Called Strike 0-1: Swinging Strike 0-2: Ball 1-2: SOLO HOME RUN (Flyball, 7D), Distance : 360 ft
|
Batting: SHB John Gonzáles
|
0-0: Called Strike 0-1: Fly out, F7 (Line Drive, 78M)
|
Batting: SHB Neil Floyd
|
0-0: Called Strike 0-1: Foul Ball, location: 2F 0-2: Ball 1-2: Ball 2-2: Fly out, F9 (Flyball, 89M)
|
Top of the 1st over - 5 runs, 2 hits, 0 errors, 0 left on base; Villanova 5 - North Carolina State 0 |
BOTTOM OF THE 1ST |
North Carolina State Wolfpack batting - Pitching for Villanova Wildcats : LHP Mike Waddingham
|
Pitching: LHP Mike Waddingham
|
|
Batting: LHB Steven Gregory
|
0-0: Ball 1-0: Ground out 1-3 (Groundball, P)
|
Batting: RHB Chris Curry
|
0-0: Ball 1-0: Foul Ball, location: 2F 1-1: Swinging Strike 1-2: Ball 2-2: Ball 3-2: Strikes out looking
|
Batting: LHB Ramón Quintanilla
|
0-0: Ball 1-0: Called Strike 1-1: Foul Ball, location: 2F 1-2: Ball 2-2: Ball 3-2: Base on Balls
|
Batting: RHB Ronald McMillan
|
0-0: Fly out, F6 (Flyball, 56D)
|
Bottom of the 1st over - 0 runs, 0 hits, 0 errors, 1 left on base; Villanova 5 - North Carolina State 0 |
TOP OF THE 2ND |
Villanova Wildcats batting - Pitching for North Carolina State Wolfpack : RHP Jim Puckett
|
Batting: LHB Steve Jones
|
0-0: Ball 1-0: Called Strike 1-1: Ball 2-1: Ball 3-1: Base on Balls
|
Batting: SHB Jimmy Bullock
|
0-0: Foul Ball, location: 2F 0-1: Foul Ball, location: 2F 0-2: Strikes out swinging
|
Batting: RHB Bud López
|
0-0: Called Strike 0-1: Ball 1-1: Ball 2-1: Called Strike 2-2: Foul Ball, location: 2F 2-2: Ball 3-2: Reached on error, E1 (Groundball, P) Steve Jones to second
|
Batting: RHB Michael Boulanger
|
0-0: Called Strike 0-1: Foul Ball, location: 2F 0-2: SINGLE (Line Drive, 78S) Steve Jones to third Bud López to second
|
Batting: LHB Anthony Samples
|
0-0: Called Strike 0-1: Foul Ball, location: 2F 0-2: Ball 1-2: Ball 2-2: Ball 3-2: Foul Ball, location: 2F 3-2: Foul Ball, location: 2F 3-2: Base on Balls Steve Jones scores Bud López to third Michael Boulanger to second
|
Batting: SHB Vincent McComisky
|
0-0: Foul Ball, location: 2F 0-1: Called Strike 0-2: Strikes out looking
|
Batting: RHB Clay Cowden
|
0-0: Ball 1-0: Foul Ball, location: 2F 1-1: Ball 2-1: Foul Ball, location: 2F 2-2: Foul Ball, location: 2F 2-2: Foul Ball, location: 2F 2-2: Ball 3-2: Base on Balls Bud López scores Michael Boulanger to third Anthony Samples to second
|
Batting: SHB John Gonzáles
|
0-0: Called Strike 0-1: Called Strike 0-2: Ball 1-2: Strikes out swinging
|
Top of the 2nd over - 2 runs, 1 hit, 1 error, 3 left on base; Villanova 7 - North Carolina State 0 |
BOTTOM OF THE 2ND |
North Carolina State Wolfpack batting - Pitching for Villanova Wildcats : LHP Mike Waddingham
|
Batting: LHB Nick Henderson
|
0-0: Ball 1-0: SINGLE (Flyball, 89S)
|
Batting: SHB Mark Hendree
|
0-0: Called Strike 0-1: Ball 1-1: Swinging Strike 1-2: Foul Ball, location: 2F 1-2: Foul Ball, location: 2F 1-2: Strikes out looking
|
Batting: LHB Stan Miller
|
0-0: Fielders Choice at 2nd, 1-6 (Groundball, 13S)
|
Batting: LHB Trent Harper
|
0-0: Ball 1-0: Fly out, F8 (Flyball, 8RD)
|
Bottom of the 2nd over - 0 runs, 1 hit, 0 errors, 1 left on base; Villanova 7 - North Carolina State 0 |
TOP OF THE 3RD |
Villanova Wildcats batting - Pitching for North Carolina State Wolfpack : RHP Jim Puckett
|
Batting: SHB Neil Floyd
|
0-0: SINGLE (Groundball, 56D)
|
Batting: LHB Steve Jones
|
0-0: Called Strike 0-1: Ball 1-1: Ball 2-1: Swinging Strike 2-2: Strikes out looking
|
Pitching: RHP Travis Buck
|
|
Batting: SHB Jimmy Bullock
|
0-0: Swinging Strike 0-1: Ball 1-1: Called Strike Neil Floyd is caught stealing 2nd base 1-2: Ball 2-2: Ball 3-2: Foul Ball, location: 2F 3-2: Base on Balls
|
Batting: RHB Bud López
|
0-0: Ball 1-0: Foul Ball, location: 2F 1-1: Ball 2-1: Called Strike Jimmy Bullock steals 2nd base 2-2: Foul Ball, location: 2F 2-2: Ground out 5-3 (Groundball, 56)
|
Top of the 3rd over - 0 runs, 1 hit, 0 errors, 1 left on base; Villanova 7 - North Carolina State 0 |
BOTTOM OF THE 3RD |
North Carolina State Wolfpack batting - Pitching for Villanova Wildcats : LHP Mike Waddingham
|
Batting: LHB Garrett Roberson
|
0-0: Ball 1-0: Called Strike 1-1: Ball 2-1: DOUBLE (Groundball, 5L)
|
Batting: LHB Steven Gregory
|
0-0: Swinging Strike 0-1: Swinging Strike 0-2: Ball 1-2: Strikes out looking
|
Batting: RHB Chris Curry
|
0-0: Ball 1-0: Ball 2-0: Reached via error on a dropped throw, E3 Garrett Roberson to third
|
Batting: LHB Ramón Quintanilla
|
0-0: Called Strike 0-1: Swinging Strike 0-2: Ball 1-2: Foul Ball, location: 2F 1-2: Ball 2-2: Fly out, F5 (Popup, 56S)
|
Batting: RHB Ronald McMillan
|
0-0: Ball 1-0: Ball 2-0: Ball 3-0: Base on Balls Chris Curry to second
|
Batting: LHB Nick Henderson
|
0-0: Foul Ball, location: 2F 0-1: SINGLE (Flyball, 7LS) Garrett Roberson scores Chris Curry to third Ronald McMillan to second Runner from 3rd tries for Home, SAFE, no throw
|
Batting: SHB Mark Hendree
|
0-0: Ball 1-0: Called Strike 1-1: Ball 2-1: Called Strike 2-2: Foul Ball, location: 2F 2-2: Foul Ball, location: 2F 2-2: Ball 3-2: Fly out, F7 (Flyball, 7)
|
Bottom of the 3rd over - 2 runs, 2 hits, 1 error, 2 left on base; Villanova 7 - North Carolina State 2 |
TOP OF THE 4TH |
Villanova Wildcats batting - Pitching for North Carolina State Wolfpack : RHP Travis Buck
|
Batting: RHB Michael Boulanger
|
0-0: Ball 1-0: Ball 2-0: Called Strike 2-1: Ball 3-1: Foul Ball, location: 2F 3-2: Fly out, F9 (Flyball, 9)
|
Batting: LHB Anthony Samples
|
0-0: Ball 1-0: Foul Ball, location: 2F 1-1: Swinging Strike 1-2: Ball 2-2: Ball 3-2: SINGLE (Flyball, 9S)
|
Batting: SHB Vincent McComisky
|
0-0: Ball 1-0: Called Strike 1-1: Ball 2-1: Ball 3-1: Base on Balls Anthony Samples to second
|
Batting: RHB Clay Cowden
|
0-0: Ball 1-0: Ground out 6-3 (Groundball, 6S) Anthony Samples to third Vincent McComisky to second
|
Batting: SHB John Gonzáles
|
0-0: Ball 1-0: Ball 2-0: Ball 3-0: Base on Balls
|
Batting: SHB Neil Floyd
|
0-0: Fielders Choice at 2nd, 6-4 (Groundball, 6)
|
Top of the 4th over - 0 runs, 1 hit, 0 errors, 3 left on base; Villanova 7 - North Carolina State 2 |
BOTTOM OF THE 4TH |
North Carolina State Wolfpack batting - Pitching for Villanova Wildcats : LHP Mike Waddingham
|
Batting: LHB Stan Miller
|
0-0: Called Strike 0-1: Foul Ball, location: 2F 0-2: Ball 1-2: Reached on error, E4 (Groundball, 4)
|
Batting: LHB Trent Harper
|
0-0: Called Strike 0-1: Fly out, F8 (Flyball, 8LD)
|
Batting: LHB Garrett Roberson
|
0-0: Ball 1-0: Foul Ball, location: 2F 1-1: Ball 2-1: Ball 3-1: Base on Balls Stan Miller to second
|
Batting: LHB Steven Gregory
|
0-0: Ball 1-0: Ball 2-0: Called Strike 2-1: Ball 3-1: Grounds into double play, 4-6-3 (Groundball, 4)
|
Bottom of the 4th over - 0 runs, 0 hits, 1 error, 1 left on base; Villanova 7 - North Carolina State 2 |
TOP OF THE 5TH |
Villanova Wildcats batting - Pitching for North Carolina State Wolfpack : RHP Travis Buck
|
Batting: LHB Steve Jones
|
0-0: Ground out 5-3 (Groundball, 5S)
|
Batting: SHB Jimmy Bullock
|
0-0: Ball 1-0: TRIPLE (Flyball, 78XD) Hidden ball trick at third base, runner out!
|
Batting: RHB Bud López
|
0-0: SINGLE (Line Drive, 8LS)
|
Batting: RHB Michael Boulanger
|
0-0: Ball 1-0: Called Strike 1-1: Ball 2-1: Fly out, F8 (Flyball, 8RD)
|
Top of the 5th over - 0 runs, 2 hits, 0 errors, 1 left on base; Villanova 7 - North Carolina State 2 |
BOTTOM OF THE 5TH |
North Carolina State Wolfpack batting - Pitching for Villanova Wildcats : LHP Mike Waddingham
|
Batting: RHB Chris Curry
|
0-0: Ball 1-0: SINGLE (Line Drive, 4D)
|
Batting: LHB Ramón Quintanilla
|
0-0: Ball 1-0: Ball 2-0: Ball Wild Pitch! Chris Curry to second 3-0: Called Strike 3-1: Foul Ball, location: 2F 3-2: Foul Ball, location: 2F 3-2: SINGLE (Line Drive, 34D) Chris Curry to third
|
Pitching: RHP Tim Hunter
|
|
Batting: RHB Ronald McMillan
|
0-0: Ball 1-0: Fly out, F9 (Line Drive, 89M) Runner from 3rd tags up, OUT at HOME Ramón Quintanilla to second
|
Batting: LHB Nick Henderson
|
0-0: Ball 1-0: Fly out, F7 (Flyball, 7S)
|
Bottom of the 5th over - 0 runs, 2 hits, 0 errors, 1 left on base; Villanova 7 - North Carolina State 2 |
TOP OF THE 6TH |
Villanova Wildcats batting - Pitching for North Carolina State Wolfpack : RHP Travis Buck
|
Batting: LHB Anthony Samples
|
0-0: Ball 1-0: Called Strike 1-1: Ball 2-1: Swinging Strike 2-2: SINGLE (Groundball, 6) (infield hit)
|
Pitching: RHP Tim Randell
|
|
Batting: SHB Vincent McComisky
|
0-0: Ball 1-0: Called Strike 1-1: SINGLE (Groundball, 56D) Anthony Samples to second
|
Batting: RHB Clay Cowden
|
0-0: Ball 1-0: Swinging Strike 1-1: Ball 2-1: DOUBLE (Line Drive, 8RD) Anthony Samples scores Vincent McComisky to third
|
Batting: SHB John Gonzáles
|
0-0: Called Strike 0-1: Called Strike 0-2: Strikes out swinging
|
Batting: SHB Neil Floyd
|
0-0: Ball 1-0: Called Strike 1-1: Ball 2-1: Ground out 3-1 (Groundball, 34) Vincent McComisky scores Clay Cowden to third
|
Batting: LHB Steve Jones
|
0-0: Called Strike 0-1: Foul Ball, location: 2F 0-2: Ball 1-2: Ball 2-2: Foul Ball, location: 2F 2-2: Foul Ball, location: 2F 2-2: Fly out, F9 (Flyball, 9LS)
|
Top of the 6th over - 2 runs, 3 hits, 0 errors, 1 left on base; Villanova 9 - North Carolina State 2 |
BOTTOM OF THE 6TH |
North Carolina State Wolfpack batting - Pitching for Villanova Wildcats : RHP Tim Hunter
|
Batting: SHB Mark Hendree
|
0-0: Ball 1-0: Ground out 4-3 (Groundball, 4)
|
Batting: LHB Stan Miller
|
0-0: Ball 1-0: Foul Ball, location: 2F 1-1: Foul Ball, location: 2F 1-2: Ground out 6-3 (Groundball, 6)
|
Batting: LHB Trent Harper
|
0-0: Ball 1-0: Ball 2-0: SINGLE (Line Drive, 56)
|
Batting: LHB Garrett Roberson
|
0-0: Called Strike 0-1: Ball 1-1: Foul Ball, location: 2F 1-2: Foul Ball, location: 2F 1-2: Foul Ball, location: 2F 1-2: Ball 2-2: SINGLE (Flyball, 9S) Trent Harper to second Runner from 2nd tries for 3rd, SAFE, throw made to third
|
Batting: LHB Steven Gregory
|
0-0: Ball 1-0: Swinging Strike 1-1: Foul Ball, location: 2F 1-2: Foul Ball, location: 2F 1-2: Ball 2-2: Ball 3-2: Base on Balls Garrett Roberson to second
|
Batting: RHB Chris Curry
|
0-0: Called Strike 0-1: Foul Ball, location: 2F 0-2: Ball 1-2: Foul Ball, location: 2F 1-2: Fly out, F9 (Flyball, 89S)
|
Bottom of the 6th over - 0 runs, 2 hits, 0 errors, 3 left on base; Villanova 9 - North Carolina State 2 |
TOP OF THE 7TH |
Villanova Wildcats batting - Pitching for North Carolina State Wolfpack : RHP Tim Randell
|
Batting: SHB Jimmy Bullock
|
0-0: Ball 1-0: Ball 2-0: Swinging Strike 2-1: Ball 3-1: Base on Balls
|
Batting: RHB Bud López
|
0-0: Fly out, F8 (Flyball, 8LS)
|
Batting: RHB Michael Boulanger
|
0-0: Called Strike 0-1: Foul Ball, location: 2F 0-2: Ball 1-2: Fly out, F4 (Popup, 3D)
|
Batting: LHB Anthony Samples
|
0-0: SINGLE (Groundball, 34D) Jimmy Bullock to second Runner from 2nd tries for 3rd, OUT!
|
Top of the 7th over - 0 runs, 1 hit, 0 errors, 1 left on base; Villanova 9 - North Carolina State 2 |
BOTTOM OF THE 7TH |
North Carolina State Wolfpack batting - Pitching for Villanova Wildcats : RHP Tim Hunter
|
Batting: LHB Ramón Quintanilla
|
0-0: Called Strike 0-1: Swinging Strike 0-2: Foul Ball, location: 2F 0-2: Ball 1-2: Ball 2-2: Foul Ball, location: 2F 2-2: Ball 3-2: SINGLE (Flyball, 4MD)
|
Batting: RHB Ronald McMillan
|
0-0: Ball Wild Pitch! Ramón Quintanilla to second 1-0: SINGLE (Flyball, 8RS) Ramón Quintanilla to third
|
Batting: LHB Nick Henderson
|
0-0: Fly out, F7 (Flyball, 7LMF) Runner from 3rd tags up, SCORES, no throw
|
Batting: SHB Mark Hendree
|
0-0: Called Strike 0-1: Ball 1-1: Ball 2-1: Ball Ronald McMillan is caught stealing 2nd base 3-1: Fly out, F9 (Flyball, 89XD)
|
Bottom of the 7th over - 1 run, 2 hits, 0 errors, 0 left on base; Villanova 9 - North Carolina State 3 |
TOP OF THE 8TH |
Villanova Wildcats batting - Pitching for North Carolina State Wolfpack : RHP Tim Randell
|
Batting: SHB Vincent McComisky
|
0-0: Called Strike 0-1: Ball 1-1: Ball 2-1: Fly out, F8 (Flyball, 8LM)
|
Batting: RHB Clay Cowden
|
0-0: Ground out 5-3 (Groundball, 5)
|
Batting: SHB John Gonzáles
|
0-0: Swinging Strike 0-1: Called Strike 0-2: Strikes out swinging
|
Top of the 8th over - 0 runs, 0 hits, 0 errors, 0 left on base; Villanova 9 - North Carolina State 3 |
BOTTOM OF THE 8TH |
North Carolina State Wolfpack batting - Pitching for Villanova Wildcats : RHP Tim Hunter
|
Batting: LHB Stan Miller
|
0-0: Ground out 5-3 (Groundball, 56S)
|
Batting: LHB Trent Harper
|
0-0: Ball 1-0: Called Strike 1-1: Fly out, F9 (Flyball, 9LM)
|
Batting: LHB Garrett Roberson
|
0-0: Called Strike 0-1: Ball 1-1: Swinging Strike 1-2: Ball 2-2: Foul Ball, location: 2F 2-2: Foul Ball, location: 2F 2-2: Strikes out looking
|
Bottom of the 8th over - 0 runs, 0 hits, 0 errors, 0 left on base; Villanova 9 - North Carolina State 3 |
TOP OF THE 9TH |
Villanova Wildcats batting - Pitching for North Carolina State Wolfpack : RHP Tim Randell
|
Batting: SHB Neil Floyd
|
0-0: Ball 1-0: Ball 2-0: SINGLE (Groundball, 5D)
|
Batting: LHB Steve Jones
|
0-0: Ball 1-0: Ball 2-0: Ball 3-0: Base on Balls Neil Floyd to second
|
Batting: SHB Jimmy Bullock
|
0-0: Swinging Strike 0-1: Ball 1-1: Fly out, F7 (Line Drive, 7)
|
Pitching: LHP Israel Martínez
|
|
Batting: RHB Bud López
|
0-0: Ball 1-0: Ball 2-0: Ball 3-0: Called Strike 3-1: Called Strike 3-2: Fielders Choice at 2nd, 5-4 (Groundball, 56) Neil Floyd to third
|
Batting: RHB Michael Boulanger
|
0-0: Ball 1-0: Foul Ball, location: 2F 1-1: SINGLE (Groundball, 3D) Neil Floyd scores Bud López to second Runner from 2nd tries for 3rd, SAFE, no throw
|
Batting: LHB Anthony Samples
|
0-0: Foul Ball, location: 2F 0-1: Ball 1-1: Swinging Strike 1-2: Ball 2-2: Strikes out swinging
|
Top of the 9th over - 1 run, 2 hits, 0 errors, 2 left on base; Villanova 10 - North Carolina State 3 |
BOTTOM OF THE 9TH |
North Carolina State Wolfpack batting - Pitching for Villanova Wildcats : RHP Tim Hunter
|
Pinch Hitting: RHB Joe Davis
|
0-0: Ball 1-0: SINGLE (Groundball, 6D)
|
Pitching: LHP Chris Muller
|
|
Batting: RHB Chris Curry
|
0-0: Called Strike 0-1: Swinging Strike 0-2: Strikes out swinging
|
Batting: LHB Ramón Quintanilla
|
0-0: Called Strike 0-1: SINGLE (Flyball, 89S) Joe Davis to second
|
Batting: RHB Ronald McMillan
|
0-0: Called Strike 0-1: Ball 1-1: Ball 2-1: Ball 3-1: Base on Balls Joe Davis to third Ramón Quintanilla to second
|
Batting: LHB Nick Henderson
|
0-0: Ball 1-0: Foul Ball, location: 2F 1-1: Swinging Strike 1-2: Strikes out swinging
|
Batting: SHB Mark Hendree
|
0-0: Ball 1-0: Called Strike 1-1: Ball 2-1: Ground out 4-3 (Groundball, 4)
|
Bottom of the 9th over - 0 runs, 2 hits, 0 errors, 3 left on base; Villanova 10 - North Carolina State 3 |
|